 Dungeon Crawl Stone Soup version 0.28.0 (webtiles) character file.

Game seed: 8870452375522446416

2415 fiver49 the Summoner (level 9, -2/71 HPs)
             Began as a Grey Draconian Wanderer on Feb 15, 2022.
             Was a Follower of Sif Muna.
             Slain by a slime creature (8 damage)
             ... on level 8 of the Dungeon.
             The game lasted 00:27:23 (9438 turns).

fiver49 the Summoner (Grey Draconian Wanderer)      Turns: 9438, Time: 00:27:23

Health: -2/71      AC: 13    Str: 12    XL:     9   Next: 23%
Magic:  17/20      EV: 12    Int: 27    God:    Sif Muna [*.....]
Gold:   361        SH:  0    Dex:  6    Spells: 14/22 levels left

rFire   + . .      SeeInvis .   o - +2 dagger (venom)
rCold   . . .      Faith    +   (no shield)
rNeg    . . .      Spirit   .   (armour unavailable)
rPois   .          Reflect  .   (helmet restricted)
rElec   +          Harm     .   (no cloak)
rCorr   .          Rampage  .   (no gloves)
Will    .....                   b - +0 pair of boots
Stlth   +.........              B - amulet of Pride {Faith rElec Int+8 Dex-5}
HPRegen 0.21/turn               l - ring of protection from fire
MPRegen 0.17/turn               (no ring)

@: confused
A: AC +12, amphibious, unfitting armour, cold-blooded
a: Renounce Religion, Channel Magic


You were on level 8 of the Dungeon.
You worshipped Sif Muna.
Sif Muna was aware of your devotion.
You visited 2 branches of the dungeon, and saw 9 of its levels.

You collected 361 gold pieces.

Inventory:

Hand Weapons
 a - a +0 club
 f - a +0 long sword
   (You found it on level 1 of the Dungeon)
 o - a +2 dagger of venom (weapon)
   (You found it on level 2 of the Dungeon)
 H - a +3 dagger
   (You found it on level 6 of the Dungeon)
Missiles
 p - 27 poisoned darts (quivered)
 v - 2 boomerangs of dispersal
Armour
 b - a +0 pair of boots (worn)
Jewellery
 l - a ring of protection from fire (left hand)
   (You found it on level 2 of the Dungeon)
 B - the amulet of Pride (around neck) {Faith rElec Int+8 Dex-5}
   (You found it on level 6 of the Dungeon)

   [amulet of faith]

   It allows you to gain divine favour quickly.
   Int:       It affects your intelligence (+8).
   Dex:       It affects your dexterity (-5).
   rElec:     It insulates you from electricity.
Wands
 u - a wand of flame (17)
   (You took it off Ijyb on level 3 of the Dungeon)
 I - a wand of digging (5)
   (You found it on level 7 of the Dungeon)
 J - a wand of iceblast (19)
   (You found it on level 7 of the Dungeon)
Scrolls
 e - a scroll of torment {unknown}
 h - a scroll of acquirement {unknown}
 i - 2 scrolls of fog {unknown}
 j - a scroll of noise
 n - a scroll of magic mapping {unknown}
 r - 3 scrolls of identify {unknown}
 s - a scroll of brand weapon {unknown}
 t - 2 scrolls of enchant weapon {unknown}
 w - 3 scrolls of immolation {unknown}
 x - a scroll of vulnerability {unknown}
 y - 2 scrolls of blinking {unknown}
 A - 2 scrolls of teleportation {unknown}
 C - a scroll of silence {unknown}
 F - 3 scrolls of fear {unknown}
 K - a scroll of amnesia {unknown}
Potions
 c - a potion of lignification
 d - a potion of curing {unknown}
 g - 4 potions of might {unknown}
 k - a potion of heal wounds {unknown}
 m - a potion of brilliance {unknown}
 q - a potion of haste {unknown}
 z - a potion of mutation {unknown}
 D - 2 potions of invisibility {unknown}
 E - a potion of ambrosia {unknown}
 G - 2 potions of attraction {unknown}


   Skills:
 + Level 4.2 Fighting
 + Level 2.7 Dodging
 - Level 2.6 Stealth
 * Level 7.4 Spellcasting
 - Level 9.1 Summonings


You had 14 spell levels left.
You knew the following spells:

 Your Spells              Type           Power      Damage    Failure   Level
a - Summon Small Mammal   Summ           100%       N/A       1%          1
b - Summon Guardian Gole  Hex/Summ       34%        N/A       2%          3
c - Summon Ice Beast      Ice/Summ       34%        N/A       9%          4

Your spell library contained the following spells:

 Spells                   Type           Power      Damage    Failure   Level


Dungeon Overview and Level Annotations

Branches:
Dungeon (8/15)             Temple (1/1) D:6
   Lair: D:8-11

Altars:
Ashenzari
Cheibriados
Dithmenos
Elyvilon
Fedhas
Gozag
Hepliaklqana
Kikubaaqudgha
Makhleb
Nemelex Xobeh
Okawaru
Qazlal
Ru
Sif Muna
Trog
Uskayaw
Vehumet
Wu Jian
Xom
Yredelemnul
Zin
The Shining One

Shops:
D:6 =

Annotations:
D:2 Sigmund
D:4 exclusions: ice beast and water moccasin
D:6 exclusion: orc priest


Innate Abilities, Weirdness & Mutations

Your dull iron-grey scales are very hard. (AC +12)
You are amphibious.
You cannot fit into any form of body armour.
You are cold-blooded and may be slowed by cold attacks.


Message History

Your quokka barely misses the slime creature.
The slime creature barely misses you.
Your quokka bites the slime creature.
Two slime creatures merge to form a large slime creature.
You hit the large slime creature.
The large slime creature is moderately wounded.
Your quokka disappears in a puff of smoke!
The water moccasin completely misses you.
Your ice beast hits the large slime creature.
Your ice beast freezes the large slime creature!
Your quokka bites the large slime creature.
The water moccasin bites you!
Two slime creatures merge to form a very large slime creature.
Your ice beast completely misses the very large slime creature.
Your quokka bites the very large slime creature.
The very large slime creature hits your quokka!!!
Your quokka dies!
Your quokka's corpse disappears in a puff of smoke!
You hit the water moccasin.
The water moccasin is poisoned.
Your tail-slap misses the water moccasin.
The water moccasin is lightly wounded.
The water moccasin closely misses you.
Your ice beast hits the very large slime creature.
Your ice beast freezes the very large slime creature!
Your ice beast barely misses the water moccasin.
Your ice beast barely misses the water moccasin.
The very large slime creature looks more healthy.
There is a stone staircase leading up here.
You closely miss the water moccasin. You tail-slap the water moccasin.
The water moccasin is severely wounded.
The water moccasin closely misses you.
You hit the water moccasin.
The water moccasin looks as sick as possible!
The water moccasin is almost dead.
The water moccasin bites you but does no damage.
A very large slime creature splits.
You hit the water moccasin.
You kill the water moccasin!
Sif Muna accepts your kill.
Your ice beast hits the large slime creature but does no damage.
Two slime creatures merge to form a very large slime creature.
You barely miss the very large slime creature.
You tail-slap the very large slime creature, but do no damage.
You punch the very large slime creature.
The very large slime creature is moderately wounded.
You barely miss the very large slime creature.
The very large slime creature is moderately wounded.
Your ice beast disappears in a puff of smoke!
Casting: Summon Small Mammal (safe; 1% risk of failure)
Confirm with . or Enter, or press ? or * to list all spells.
A chill wind blows around you.
The very large slime creature closely misses you.
You hit the very large slime creature but do no damage.
You tail-slap the very large slime creature.
The very large slime creature is moderately wounded.
A very large slime creature splits.
You hit the slime creature.
The slime creature is heavily wounded.
The large slime creature hits you. The slime creature hits you.
You hit the slime creature.
The slime creature is heavily wounded.
The large slime creature closely misses you.
Your ice beast hits the slime creature but does no damage.
The slime creature hits you.
You hit the slime creature.
The slime creature is heavily wounded.
The large slime creature hits you!!
Your ice beast hits the slime creature.
Your ice beast freezes the slime creature!
The slime creature hits you!
* * * LOW HITPOINT WARNING * * *
Your ice beast hits the large slime creature.
Your ice beast freezes the large slime creature!
Two slime creatures merge to form a very large slime creature.
Things that are here:
a +0 dagger; a +0 dagger; a kobold skeleton You swap places.
You swap places.
You swap places.
Two slime creatures merge to form a large slime creature.
The slime creature quivers.
Your guardian golem disappears in a puff of smoke!
The slime creature hits you!
* * * LOW HITPOINT WARNING * * *
Your ice beast barely misses the slime creature.
Your ice beast hits the slime creature.
Your ice beast freezes the slime creature!
The slime creature hits you but does no damage.
The large slime creature hits your ice beast!!!
Your ice beast dies!
Your ice beast disappears in a puff of smoke!
The slime creature quivers.
An orc wizard comes into view. It is wielding a +2 dagger of flaming.
The orc wizard shouts!
The orc wizard gestures at you while chanting.
You are confused.
An orc comes into view. It is wielding a +0 flail.
The orc shouts!
An orc comes into view. It is wielding a +0 club.
You bump into the rock wall.
The slime creature misses you. The slime creature hits you!
You die...

......#....... .......#......
o............### ..
........oo...#.......##
..##............#........##
...........##.....>.......#
...(.......##.........##..##
................J....##...##
#....?..##...@J.....#....###
##..........###......##.....##
#........##.###......##......#
###.....................<....#
#..................#.......#
#.##...........##))##.....##
#.. ###....#<..............#
....#####...##)#...........##
..........##..#...##........##


You could see 2 slime creatures, an orc wizard and 2 orcs.

Vanquished Creatures
  A steam dragon (D:7)
  A water moccasin (D:8)
  An orc warrior (D:6)
  A black bear (D:7)
  A centaur (D:6)
  A phantom (D:5)
  3 bullfrogs
  A wight (D:7)
  2 orc priests (D:5)
  3 hounds
  A jelly (D:3)
  Terence (D:3)
  3 iguanas (D:5)
  Ijyb (D:3)
  2 orc wizards
  A hound skeleton (D:5)
  9 adders
  3 gnolls (D:5)
  2 white imps
  An ufetubus (D:4)
  An adder skeleton (D:5)
  2 dart slugs
  8 orcs
  3 endoplasms
  5 giant cockroaches
  3 goblins
  4 hobgoblins
  9 kobolds
  5 ball pythons
  4 bats
  4 frilled lizards
  5 rats
92 creatures vanquished.

Vanquished Creatures (collateral kills)
  A slime creature (D:8)
  A water moccasin (D:7)
  An ice beast (D:7)
  A necrophage (D:7)
  A wight (D:7)
  A howler monkey (D:5)
  A centaur zombie (D:7)
  A jelly (D:8)
  An ufetubus (D:6)
  An adder skeleton (D:4)
  2 orcs (D:5)
  A ball python (D:1)
  3 endoplasms (D:2)
  A goblin (D:1)
  4 kobolds
  A frilled lizard (D:2)
  A rat (D:1)
23 creatures vanquished.

Vanquished Creatures (others)
  A steam dragon (D:7)
  A kobold brigand (D:8)
  A scorpion (D:6)
  3 wights (D:6)
  A jelly (D:6)
  A howler monkey zombie (D:8)
  2 kobolds (D:8)
  A fungus (D:2)
  A plant (D:2)
12 creatures vanquished.

Grand Total: 127 creatures vanquished

Notes
Turn   | Place    | Note
-------+----------+-------------------------------------------
     0 | D:1      | fiver49 the Draconian Wanderer began the quest for the Orb.
     0 | D:1      | fiver49 set off with the following items: a +0 club, a +0
                  | pair of boots, a potion of lignification; and the following
                  | spell memorised: Summon Small Mammal; and the following
                  | spells available to memorise: Summon Guardian Golem, Summon
                  | Ice Beast
     0 | D:1      | Reached XP level 1. HP: 17/17 MP: 3/3
   716 | D:1      | Reached XP level 2. HP: 22/24 MP: 1/5
  1363 | D:2      | Found a faded altar of an unknown god.
  1418 | D:2      | Noticed Sigmund
  1611 | D:2      | Reached skill level 3 in Spellcasting
  1611 | D:2      | Reached XP level 3. HP: 29/29 MP: 5/7
  2283 | D:3      | Noticed Terence
  2471 | D:3      | Reached XP level 4. HP: 27/36 MP: 7/9
  2796 | D:3      | Reached skill level 4 in Spellcasting
  2796 | D:3      | Reached skill level 4 in Summonings
  2926 | D:3      | HP: 9/36 [poisoned by Terence]
  2942 | D:3      | Killed Terence
  2943 | D:3      | Reached XP level 5. HP: 8/41 MP: 4/11
  3315 | D:3      | Identified the +1 war axe "Egao" {flame, rF+ rCorr Int-2}
  3474 | D:3      | Noticed Ijyb
  3486 | D:3      | Killed Ijyb
  3740 | D:4      | Identified the +5 hand axe of Efeolun {drain, rF+ Int+4}
  3996 | D:4      | Noticed a water moccasin
  4011 | D:4      | Noticed an ice beast
  4194 | D:5      | Entered Level 5 of the Dungeon
  4322 | D:5      | Reached XP level 6. HP: 48/48 MP: 13/13
  4337 | D:5      | Reached skill level 5 in Spellcasting
  4590 | D:5      | HP: 10/48 [orc priest/divine providence (11)]
  5130 | D:5      | HP: 10/48 [gnoll (5)]
  5370 | D:5      | Reached skill level 5 in Summonings
  5565 | D:5      | Learned a level 3 spell: Summon Guardian Golem
  5628 | D:5      | Your scales start taking on a dull iron-grey colour.
  5628 | D:5      | Reached XP level 7. HP: 15/55 MP: 15/15
  6033 | D:5      | Reached skill level 6 in Spellcasting
  6165 | D:6      | Identified the amulet of Pride {Faith rElec Int+8 Dex-5}
  6239 | D:6      | Reached skill level 6 in Summonings
  6697 | D:6      | Found a staircase to the Ecumenical Temple.
  6832 | Temple   | Entered the Ecumenical Temple
  7061 | Temple   | Became a worshipper of Sif Muna the Loreminder
  7227 | D:6      | Found Vafiak's Jewellery Shop.
  7239 | D:6      | Found a sacrificial altar of Ru.
  7459 | D:6      | HP: 10/55 [orc warrior (6)]
  7470 | D:6      | HP: 11/55 [orc warrior (1)]
  7476 | D:6      | Reached skill level 7 in Summonings
  7733 | D:7      | Noticed a steam dragon
  7794 | D:6      | Reached XP level 8. HP: 55/61 MP: 6/17
  8195 | D:7      | Reached skill level 8 in Summonings
  8335 | D:7      | Reached skill level 9 in Summonings
  8422 | D:7      | Learned a level 4 spell: Summon Ice Beast
  8528 | D:7      | Reached skill level 3 in Fighting
  8528 | D:7      | Reached skill level 1 in Dodging
  9059 | D:8      | Noticed a slime creature
  9059 | D:8      | Noticed a slime creature
  9059 | D:8      | Noticed a slime creature
  9059 | D:8      | Noticed a slime creature
  9059 | D:8      | Noticed a slime creature
  9059 | D:8      | Noticed a hornet
  9088 | D:8      | Reached skill level 2 in Dodging
  9167 | D:8      | Killed a slime creature
  9167 | D:8      | Reached * piety under Sif Muna
  9168 | D:8      | Reached skill level 7 in Spellcasting
  9168 | D:8      | Reached XP level 9. HP: 71/71 MP: 8/19
  9363 | D:8      | Reached skill level 4 in Fighting
  9404 | D:8      | HP: 14/71 [slime creature (8)]
  9414 | D:8      | HP: 1/71 [slime creature (16)]
  9438 | D:8      | Slain by a slime creature

Illustrated notes

Levels and vault maps discovered:
D:1:      eino_arrival_druids_welcome, layout_loops_ring
D:2:      layout_loops_cross, shapermc_ecumenical_altar_gd, uniq_sigmund
D:3:      layout_loops_ring, serial_aquarium, aquarium_bridge_straight
          [aquarium_subvault_bridge, aquarium_subvault_wall,
          aquarium_subvault_bridge, aquarium_subvault_window],
          aquarium_bridge_square [aquarium_subvault_window,
          aquarium_subvault_bridge, aquarium_subvault_bridge,
          aquarium_subvault_bridge], aquarium_window_1, aquarium_window_fake,
          aquarium_window_fake, aquarium_window_fake, aquarium_view_2e,
          uniq_terence, uniq_ijyb
D:4:      layout_basic
D:5:      layout_loops_ring
D:6:      layout_rooms, lemuel_tele_altar, minmay_temple_entry_antechambers,
          serial_corexii_hall, chequers_hall_statues_y,
          corexii_hall_statues_deadend, serial_shops, nicolae_shop_stone,
          dk_noncrumbling_3
D:7:      layout_rooms
D:8:      layout_cave_pools, ebering_ghost_disaster_area
Temple:   mainiacjoe_temple_archimedes_tessellation

Skill      XL: |  1  2  3  4  5  6  7  8  9 |
---------------+----------------------------+-----
Spellcasting   | 3 4 5 6 7 |  7.4
Summonings     | 4 5 7 9 |  9.1
Fighting       | 3 4 |  4.2
Dodging        | 2 |  2.7
Stealth        | |  2.6

Action                   |  1- 3 |  4- 6 |  7- 9 || total
-------------------------+-------+-------+-------++-------
Melee: Club              |    18 |       |       ||    18
       Long sword        |    44 |       |       ||    44
       Tailslap          |     9 |    25 |    20 ||    54
       Punch             |     1 |     3 |     2 ||     6
       Dagger            |    13 |   170 |   123 ||   306
Throw: Dart              |     5 |    20 |     7 ||    32
 Cast: Summon Small Mamm |    35 |    23 |    61 ||   119
       Summon Guardian G |       |       |    21 ||    21
       Summon Ice Beast  |       |       |    12 ||    12
  Use: Scroll            |       |     1 |       ||     1
 Stab: Sleeping          |     9 |     2 |       ||    11
Armor: Skin              |    30 |    54 |    87 ||   171
Dodge: Dodged            |    55 |    87 |   115 ||   257

Table legend: (Time is in decaauts)
 A = Elapsed time spent in this place.
 B = Non-inter-level travel time spent in this place.
 C = Inter-level travel time spent in this place.
 D = Time resting spent in this place.
 E = Time spent auto-exploring this place.
 F = Levels seen in this place.
 G = Mean time per level.
                   A        B        C        D        E       F      G
               +--------+--------+--------+--------+--------+-----+--------+
         Total |   9486 |   8914 |    572 |   1191 |   5856 |   9 | 1054.0 |
       Dungeon |   9244 |   8711 |    533 |   1191 |   5677 |   8 | 1155.5 |
        Temple |    241 |    202 |     39 |      0 |    179 |   1 |  241.0 |
               +--------+--------+--------+--------+--------+-----+--------+

Top non-repeatable levels by time:
     D:5: 1844 daAuts
     D:3: 1409 daAuts
     D:6: 1349 daAuts
     D:1: 1251 daAuts
     D:7: 1072 daAuts
     D:2: 1048 daAuts
     D:4: 1012 daAuts
     D:8: 257 daAuts
  Temple: 241 daAuts

Table legend:
 A = Kills in this place as a percentage of kills in entire the game.
 B = Kills by you in this place as a percentage of kills by you in the entire game.
 C = Kills by friends in this place as a percentage of kills by friends in the entire game.
 D = Other kills in this place as a percentage of other kills in the entire game.
 E = Experience gained in this place as a percentage of experience gained in the entire game.
 F = Experience gained in this place divided by the number of levels of this place that you have seen.
                   A       B       C       D       E      F
               +-------+-------+-------+-------+-------+----------------------
         Total | 100.0 | 100.0 | 100.0 | 100.0 | 100.0 | 383.4
       Dungeon | 100.0 | 100.0 | 100.0 | 100.0 | 100.0 | 431.4
               +-------+-------+-------+-------+-------+----------------------
